 Dungeon Crawl Stone Soup version 0.20-a0-1015-g2ec8a95 (console) character file.

2956 vuev the Thaumaturge (level 9, -7/47 HPs)
             Began as a Deep Elf Ice Elementalist on Apr 15, 2017.
             Was a Priest of Vehumet.
             Shot with an arrow by a centaur (13 damage)
             ... on level 8 of the Dungeon on Apr 16, 2017.
             The game lasted 00:31:21 (13005 turns).

vuev the Thaumaturge (Deep Elf Ice Elementalist)   Turns: 13005, Time: 00:31:22

Health: -7/47      AC:  8    Str:  5    XL:     9   Next: 52%
Magic:  14/28      EV: 14    Int: 24    God:    Vehumet [***...]
Gold:   105        SH:  0    Dex: 15    Spells: 20/34 levels left

rFire    + . .     SeeInvis .   q - +3 dagger (venom)
rCold    . . .     Gourm    .   (no shield)
rNeg     + . .     Faith    .   (no armour)
rPois    .         Spirit   .   (no helmet)
rElec    .         Reflect  .   t - +0 cloak
rCorr    .         Harm     .   (no gloves)
MR       .....                  (no boots)
Stlth    ++........             (no amulet)
Regen    0.2/turn               r - ring of protection from fire
MPRegen  0.3/turn               x - ring of positive energy

@: icy armour, very slightly contaminated, slow
A: no striking features
a: Renounce Religion


You were on level 8 of the Dungeon.
You worshipped Vehumet.
Vehumet was most pleased with you.
You were not hungry.

You visited 1 branch of the dungeon, and saw 8 of its levels.

You collected 404 gold pieces.
You spent 299 gold pieces at shops.

Inventory:

Hand Weapons
 d - a +0 dagger
 j - a +2 dagger of freezing
 m - a +0 vampiric dagger
 q - a +3 dagger of venom (weapon)
Missiles
 n - 114 stones (quivered)
Armour
 a - a +0 robe
 t - a +0 cloak (worn)
 E - a cursed +0 robe
Jewellery
 f - an uncursed ring of resist corrosion {unknown}
 r - a ring of protection from fire (left hand)
 x - a ring of positive energy (right hand)
 N - an uncursed ring of protection from fire
Wands
 y - a wand of scattershot (6/9)
Scrolls
 g - 6 scrolls of identify
 k - 2 scrolls of enchant armour {unknown}
 l - 4 scrolls of remove curse
 p - 2 scrolls of vulnerability {unknown}
 u - a scroll of fear {unknown}
 C - a scroll of random uselessness {unknown}
 D - a scroll of magic mapping {unknown}
 G - a scroll of noise {unknown}
 I - a scroll of blinking {unknown}
 J - a scroll of teleportation
 L - a scroll of recharging {unknown}
 M - a scroll of enchant weapon {unknown}
Potions
 e - 4 potions of invisibility {unknown}
 h - 2 potions of mutation {unknown}
 i - 3 potions of flight {unknown}
 o - 2 potions of cancellation {unknown}
 s - a potion of lignification {unknown}
 v - 3 potions of curing
 w - 5 potions of agility {unknown}
 z - 2 potions of magic
 A - 2 potions of brilliance {unknown}
 B - 4 potions of heal wounds
 F - a potion of degeneration {unknown}
 H - a potion of might {unknown}
Books
 b - a book of Frost

   Spells                             Type                      Level
   a - Freeze                         Ice                          1
   b - Throw Frost                    Conjuration/Ice              2
   c - Ozocubu's Armour               Charms/Ice                   3
   d - Throw Icicle                   Conjuration/Ice              4
   e - Summon Ice Beast               Ice/Summoning                4
Comestibles
 c - 7 bread rations
 K - a royal jelly
 O - a meat ration


   Skills:
 + Level 1.4 Fighting
 + Level 3.9 Dodging
 - Level 2.4 Stealth
 * Level 13.0 Spellcasting
 + Level 2.3 Conjurations
 - Level 0.4 Summonings
 + Level 8.9 Ice Magic


You had 20 spell levels left.
You knew the following spells:

 Your Spells              Type           Power        Failure   Level  Hunger
a - Freeze                Ice            ####         1%          1    None
b - Summon Ice Beast      Ice/Summ       #####...     8%          4    None
e - Throw Icicle          Conj/Ice       #####...     1%          4    None
r - Throw Frost           Conj/Ice       #####.       1%          2    None
w - Ozocubu's Armour      Chrm/Ice       #####...     1%          3    None


Dungeon Overview and Level Annotations

Branches:
Dungeon (8/15)             Temple (0/1) D:6            Lair (0/6) D:8

Altars:
Hepliaklqana
Kikubaaqudgha
Nemelex Xobeh
Qazlal
Ru
Vehumet
Xom
Yredelemnul
The Shining One

Shops:
D:6 !}   D:7 !


Message History

Press: ? - help, Dir - move target cursor, f - centaur
Aim: a centaur, wielding a shortbow Attack!
The centaur shoots an arrow.
The arrow hits you!
The centaur shoots an arrow.
The arrow completely misses you.
The centaur shoots an arrow.
The arrow hits you!
* * * LOW HITPOINT WARNING * * *
You see here an arrow.
Okay, then.
Casting: Summon Ice Beast
Confirm with . or Enter, or press ? or * to list all spells.
A film of ice covers your body!
Casting: Ozocubu's Armour
Confirm with . or Enter, or press ? or * to list all spells.
You don't know that spell.
Unknown command.
Unknown command.
Casting: Ozocubu's Armour
Confirm with . or Enter, or press ? or * to list all spells.
A chill wind blows around you.
The centaur shoots an arrow.
The arrow hits you!
You die...

.....≈≈§>.§≈...# ..#
.....≈≈§.≈≈≈.#.# ..#
....†≈.§≈≈≈....#
...#
####..≈§§......#
...# #
#.§)......#.####c..#
#
######.##.....Y....#
# ######.###.......#
#
#...........>..(Y.#
#.#####.......@...#
#.#####.....# #.#
#(....# ... #.....#
##.# #.....# #.#
#.....# .. ....###
....# ....#


You could see a centaur and 2 friendly ice beasts.

Vanquished Creatures
  A yak (D:6)
  Duvessa (D:7)
  2 ice beasts
  An ogre (D:4)
  A necrophage (D:6)
  A centaur (D:6)
  A bullfrog (D:7)
  A gnoll sergeant (D:6)
  A scorpion (D:4)
  A wight (D:5)
  5 crimson imps
  4 orc priests (D:4)
  A hound (D:4)
  2 bullfrog skeletons
  Jessica (D:2)
  2 iguanas
  6 orc wizards
  A centaur skeleton (D:4)
  Terence (D:3)
  4 worker ants
  A hound skeleton (D:6)
  2 gnolls (D:6)
  8 adders
  A shadow imp (D:8)
  An ooze (D:1)
  2 adder skeletons (D:4)
  5 worms
  2 dart slugs (D:2)
  7 leopard geckos
  23 orcs
  4 bats
  7 giant cockroaches
  6 goblins
  6 hobgoblins
  6 jackals
  4 quokkas
  2 ball pythons
  5 frilled lizards
  A jackal skeleton (D:5)
  7 kobolds
  2 leopard gecko skeletons
  2 quokka skeletons
  8 rats
150 creatures vanquished.

Vanquished Creatures (collateral kills)
  Psyche (D:8)
  A hippogriff (D:8)
  2 hell hounds (D:8)
  2 water moccasins
  An ice beast (D:7)
  An orc warrior (D:6)
  A sky beast (D:6)
  A necrophage (D:7)
  2 centaurs
  2 big kobolds (D:7)
  A wyvern zombie (D:7)
  A gnoll sergeant (D:6)
  Dowan (D:7)
  2 orc priests (D:6)
  A centaur skeleton (D:5)
  3 orc wizards
  A worker ant (D:5)
  A hound zombie (D:6)
  2 gnolls (D:6)
  A shadow imp (D:7)
  An adder zombie (D:7)
  3 orcs
  8 kobolds (D:7)
40 creatures vanquished.

Vanquished Creatures (others)
  An orc wizard (D:6)
1 creature vanquished.

Grand Total: 191 creatures vanquished

Notes
Turn   | Place    | Note
-------+----------+-------------------------------------------
     0 | D:1      | vuev the Deep Elf Ice Elementalist began the quest for the Orb.
     0 | D:1      | Reached XP level 1. HP: 10/10 MP: 6/6
   181 | D:1      | Reached XP level 2. HP: 15/15 MP: 6/8
   209 | D:1      | Learned a level 2 spell: Throw Frost
   704 | D:1      | Found a sacrificial altar of Ru.
   904 | D:2      | Found a radiant altar of Vehumet.
   947 | D:2      | Became a worshipper of Vehumet
   996 | D:2      | Found a sparkling altar of Nemelex Xobeh.
   996 | D:2      | Found an ancient bone altar of Kikubaaqudgha.
  1154 | D:2      | Reached XP level 3. HP: 19/19 MP: 5/9
  1775 | D:2      | Reached skill level 4 in Spellcasting
  1941 | D:2      | Found a stormy altar of Qazlal.
  1966 | D:2      | Noticed Jessica
  2229 | D:1      | Learned a level 3 spell: Ozocubu's Armour
  2242 | D:2      | Reached XP level 4. HP: 10/24 MP: 7/12
  2517 | D:2      | Killed Jessica
  2517 | D:2      | Reached skill level 5 in Ice Magic
  2798 | D:3      | Reached XP level 5. HP: 19/28 MP: 10/14
  2811 | D:3      | Reached skill level 5 in Spellcasting
  3630 | D:3      | Reached * piety under Vehumet
  3630 | D:3      | Offered knowledge of Shock by Vehumet.
  3760 | D:3      | Found a basalt altar of Yredelemnul.
  3760 | D:3      | Noticed Terence
  3762 | D:3      | Killed Terence
  3802 | D:3      | Found a glowing golden altar of the Shining One.
  3804 | D:3      | Noticed an angel
  3824 | D:3      | Reached skill level 6 in Spellcasting
  3830 | D:3      | Learned a level 4 spell: Throw Icicle
  4319 | D:4      | Reached XP level 6. HP: 32/32 MP: 17/17
  5138 | D:4      | Reached skill level 7 in Spellcasting
  5177 | D:4      | Reached skill level 1 in Fighting
  5537 | D:4      | Reached XP level 7. HP: 38/38 MP: 0/20
  5692 | D:4      | Reached skill level 8 in Spellcasting
  6154 | D:5      | Entered Level 5 of the Dungeon
  6162 | D:5      | Reached ** piety under Vehumet
  6269 | D:5      | Found a shimmering altar of Xom.
  6377 | D:5      | Offered knowledge of Flame Tongue by Vehumet.
  7007 | D:5      | Reached skill level 9 in Spellcasting
  7731 | D:6      | Found Odghut's Distillery.
  7765 | D:6      | Bought a potion of heal wounds for 65 gold pieces
  7765 | D:6      | Bought a potion of heal wounds for 65 gold pieces
  7797 | D:6      | Found Huloirchi's Quality Used Wands.
  7804 | D:6      | Reached XP level 8. HP: 39/43 MP: 21/23
  8154 | D:6      | Offered knowledge of Dazzling Spray by Vehumet.
  8154 | D:6      | Reached skill level 10 in Spellcasting
  8857 | D:6      | Learned a level 4 spell: Summon Ice Beast
  8930 | D:6      | Reached skill level 11 in Spellcasting
  9185 | D:6      | Found a staircase to the Ecumenical Temple.
 10404 | D:5      | Reached XP level 9. HP: 28/47 MP: 16/26
 11142 | D:7      | Found Figuusos's Distillery.
 11144 | D:7      | Bought a potion of magic for 104 gold pieces
 11144 | D:7      | Bought a potion of heal wounds for 65 gold pieces
 11355 | D:7      | Reached skill level 12 in Spellcasting
 11689 | D:7      | Noticed Dowan
 11698 | D:7      | Noticed Duvessa
 11711 | D:7      | Killed Dowan
 11763 | D:7      | Killed Duvessa
 12077 | D:7      | Found a hazy altar of Hepliaklqana.
 12489 | D:7      | Reached *** piety under Vehumet
 12828 | D:8      | Found a staircase to the Lair.
 12848 | D:8      | Noticed Psyche
 12858 | D:8      | Killed Psyche
 12858 | D:8      | Reached skill level 13 in Spellcasting
 13005 | D:8      | Shot with an arrow by a centaur

Vault maps used:
D:1:      dpeg_arrival_water_altar
D:2:      nicolae_overflow_crystal_walls, vehumet_crystals,
          gammafunk_temple_overflow_statue, minivault_5, uniq_jessica
D:3:      grunt_temple_overflow_holy_war, fountainhead, serial_bayou_lake_a,
          uniq_terence
D:4:      first_bread
D:5:      cheibrodos_fzero, nicolae_overflow_hidden_temple, sigmund_army
D:6:      hangedman_cross_stitches, minmay_temple_entry_hall, serial_shops,
          nicolae_shop_stone, nicolae_for_you_no_charge
D:7:      kennysheep_mini, serial_shops, shop, uniq_duvessa
D:8:      minmay_lair_entry_lava, basic_altar, hangedman_minor_gate_pass,
          uniq_psyche

Skill      XL: |  1  2  3  4  5  6  7  8  9 |
---------------+----------------------------+-----
Ice Magic      | 4 5 6 7 8 |  8.9
Spellcasting   | 4 6 7 9 11 13 | 13.0
Fighting       | 1 |  1.4
Dodging        | 3 |  3.9
Conjurations   | 2 |  2.3
Stealth        | |  2.4
Summonings     | |  0.4

Action                   |  1- 3 |  4- 6 |  7- 9 || total
-------------------------+-------+-------+-------++-------
Melee: Dagger            |     3 |    23 |    49 ||    75
Throw: Stone             |     2 |    17 |    31 ||    50
 Cast: Freeze            |    44 |    61 |   109 ||   214
       Throw Frost       |    12 |     8 |    13 ||    33
       Ozocubu's Armour  |       |     4 |    12 ||    16
       Throw Icicle      |       |    11 |    31 ||    42
       Summon Ice Beast  |       |       |    63 ||    63
  Use: Scroll            |     2 |     1 |     3 ||     6
       Potion            |       |       |     1 ||     1
 Stab: Sleeping          |     2 |     3 |     2 ||     7
  Eat: Chunk             |     3 |     3 |    13 ||    19
       Bread ration      |       |     2 |     1 ||     3
       Fruit             |       |       |     3 ||     3
       Meat ration       |       |       |     1 ||     1
Armor: Robe              |     3 |     9 |     9 ||    21
       Skin              |       |       |    11 ||    11
Dodge: Dodged            |    14 |    25 |    93 ||   132
